 Dungeon Crawl Stone Soup version 0.21-a0-404-g291f19a (webtiles) character file.

3721 tof the Carver (level 9, -17/72 HPs)
             Began as a Minotaur Berserker on Oct 30, 2017.
             Was an Elder of Trog.
             Demolished by a two-headed ogre
             ... wielding a +0 giant spiked club
              (26 damage)
             ... on level 7 of the Dungeon.
             The game lasted 00:15:44 (8227 turns).

tof the Carver (Minotaur Berserker)                 Turns: 8227, Time: 00:15:45

Health: -17/72     AC: 14    Str: 26    XL:     9   Next: 92%
Magic:  8/8        EV: 10    Int:  4    God:    Trog [****..]
Gold:   488        SH:  0    Dex:  9    Spells: 8/8 levels left

rFire    . . .     SeeInvis .   a - +2 dagger (speed)
rCold    . . .     Gourm    .   (no shield)
rNeg     . . .     Faith    +   u - +0 plate armour
rPois    .         Spirit   .   x - +1 hat
rElec    .         Reflect  .   (no cloak)
rCorr    .         Harm     .   (no gloves)
MR       .....                  (no boots)
Stlth    ..........             r - amulet of faith
HPRegen  0.22/turn              (no ring)
MPRegen  0.11/turn              (no ring)

@: no status effects
A: retaliatory headbutt, beak, horns 2, blurry vision 1, frail 1, no potion heal
1
a: Berserk, Trog's Hand, Brothers in Arms, Burn Spellbooks, Renounce Religion


You were on level 7 of the Dungeon.
You worshipped Trog.
Trog was greatly pleased with you.
You were very hungry.

You visited 1 branch of the dungeon, and saw 8 of its levels.

You collected 488 gold pieces.

Inventory:

Hand Weapons
 a - a +2 dagger of speed (weapon)
 b - a +0 blowgun
 v - a +0 falchion
Missiles
 z - 8 tomahawks (quivered)
 J - 2 curare-tipped needles
 K - 8 needles of confusion
Armour
 u - a +0 plate armour (worn)
 x - a +1 hat (worn)
Jewellery
 r - an amulet of faith (around neck)
Wands
 H - a wand of flame (16/48)
Scrolls
 g - 3 scrolls of teleportation
 k - 2 scrolls of remove curse
 l - 3 scrolls of enchant armour
 m - 5 scrolls of immolation
 t - a scroll of fear
 y - 3 scrolls of enchant weapon
 D - 2 scrolls of magic mapping
 G - 2 scrolls of amnesia {unknown}
 I - 2 scrolls of random uselessness {unknown}
Potions
 d - 6 potions of brilliance {unknown}
 e - 2 potions of agility {unknown}
 f - a potion of cancellation {unknown}
 h - 2 potions of berserk rage {unknown}
 j - a potion of might {unknown}
 n - 3 potions of magic {unknown}
 p - a potion of heal wounds {unknown}
 s - 2 potions of haste {unknown}
 w - 3 potions of curing {unknown}
 E - a potion of mutation {unknown}
Books
 o - a book of Maledictions

   Spells                             Type                      Level
   a - Corona                         Hexes                        1
   b - Ensorcelled Hibernation        Hexes/Ice                    2
   c - Confuse                        Hexes                        3
   d - Tukima's Dance                 Hexes                        3
   e - Dazzling Spray                 Conjuration/Hexes            3
   Trog disapproves of the use of such an item.
 C - a book of Conjurations

   Spells                             Type                      Level
   a - Magic Dart                     Conjuration                  1
   b - Searing Ray                    Conjuration                  2
   c - Dazzling Spray                 Conjuration/Hexes            3
   d - Fulminant Prism                Conjuration/Hexes            4
   e - Force Lance                    Conjuration/Translocation    4
   f - Iskenderun's Mystic Blast      Conjuration                  4
   Trog disapproves of the use of such an item.
Comestibles
 c - 4 bread rations
 i - 6 meat rations
 q - 15 fruits
 B - 2 royal jellies


   Skills:
 + Level 7.9 Fighting
 * Level 10.5 Long Blades
 + Level 5.4 Throwing
 + Level 7.3 Armour
 + Level 6.7 Dodging


You had 8 spell levels left.
You didn't know any spells.

Dungeon Overview and Level Annotations

Branches:
Dungeon (8/15)             Temple (0/1) D:5
   Lair: D:8-11

Altars:
Ashenzari
Cheibriados
Elyvilon
Makhleb
Nemelex Xobeh
Okawaru
Qazlal
Sif Muna
Trog
Wu Jian
Xom
Zin

Shops:
D:7 [   D:8 =


Innate Abilities, Weirdness & Mutations

You reflexively headbutt those who attack you in melee.
You have a pair of horns on your head.
You have a beak for a mouth.
Scrolls take you a little longer to read.
You are frail. (-10% HP)
Potions are less effective at restoring your health.


Message History

You completely miss the two-headed ogre.
Your headbutt misses the two-headed ogre.
The two-headed ogre is moderately wounded.
You barely miss the two-headed ogre.
The two-headed ogre is moderately wounded.
The two-headed ogre hits you with a giant spiked club.
The two-headed ogre completely misses you.
You hit the two-headed ogre.
The two-headed ogre is moderately wounded.
You closely miss the two-headed ogre.
The two-headed ogre is moderately wounded.
You hit the two-headed ogre.
You headbutt the two-headed ogre, but do no damage.
You peck the two-headed ogre.
The two-headed ogre is moderately wounded.
The two-headed ogre hits you with a giant spiked club!
The two-headed ogre hits you with a giant club!!
* * * LOW HITPOINT WARNING * * *
The two-headed ogre hits you with a giant spiked club!!
You die...

........#........#...#..^^^......
........#........#...#.)....)....
........#........#...'...#.....).
#########........###'#####.).....
.............#####...............
.............#...#........###...#
.............#...'........#E#...#
.............#####........###...#
######'#........@................
+......#....<...O............._..
#......#.........................
#####'##..................###...#
..###..###'##.............#E#...#
..#.........+.............###...#
..#.........#....................
..#.........#....................
..#'######'##....................


You could see a two-headed ogre.

Vanquished Creatures
  Prince Ribbit (D:6)
  A hornet (D:7)
  A hippogriff (D:8)
  Grum (D:8)
  Duvessa (D:5)
  An ice beast (D:7)
  4 sky beasts
  5 ogres
  A phantom (D:4)
  4 wolves (D:8)
  A crocodile (D:6)
  2 bullfrogs
  Dowan (D:5)
  A scorpion (D:5)
  3 howler monkeys
  3 crimson imps
  The ghost of Hasart the Digger, a weakling DEEE (D:3)
  2 bullfrog skeletons
  5 hounds
  5 orc priests
  An iguana (D:5)
  7 orc wizards
  5 worker ants
  2 hound skeletons (D:5)
  9 adders
  A howler monkey skeleton (D:7)
  2 shadow imps
  An ooze (D:5)
  An adder zombie (D:5)
  5 worms
  2 dart slugs
  5 leopard geckos
  27 orcs
  A giant cockroach (D:5)
  9 goblins
  7 hobgoblins
  10 jackals
  6 kobolds
  2 quokkas (D:3)
  2 ball pythons
  8 bats
  9 frilled lizards
  A quokka skeleton (D:4)
  6 rats
173 creatures vanquished.

Vanquished Creatures (collateral kills)
  An orc warrior (D:8)
  A bullfrog (D:8)
  An orc wizard (D:8)
  2 orcs (D:8)
5 creatures vanquished.

Grand Total: 178 creatures vanquished

Notes
Turn   | Place    | Note
-------+----------+-------------------------------------------
     0 | D:1      | tof the Minotaur Berserker began the quest for the Orb.
     0 | D:1      | Reached XP level 1. HP: 19/19 MP: 0/0
    46 | D:1      | Reached XP level 2. HP: 25/27 MP: 1/1
    79 | D:1      | Reached skill level 4 in Long Blades
   756 | D:2      | Reached XP level 3. HP: 27/33 MP: 2/2
   898 | D:2      | Reached ** piety under Trog
  1183 | D:2      | Found a stormy altar of Qazlal.
  1183 | D:2      | Found a deep blue altar of Sif Muna.
  1183 | D:2      | Found a burning altar of Makhleb.
  1185 | D:2      | Found a snail-covered altar of Cheibriados.
  1434 | D:2      | Reached XP level 4. HP: 27/40 MP: 3/3
  1688 | D:3      | Reached skill level 5 in Long Blades
  1730 | D:3      | Noticed Hasart's ghost (weakling DEEE)
  1734 | D:3      | Killed Hasart's ghost
  1734 | D:3      | Reached XP level 5. HP: 47/47 MP: 4/4
  1817 | D:3      | Reached *** piety under Trog
  1837 | D:3      | Reached skill level 1 in Throwing
  2631 | D:4      | Noticed a phantom
  2948 | D:3      | Received a gift from Trog
  2948 | D:3      | Reached XP level 6. HP: 35/55 MP: 5/5
  3102 | D:4      | Reached skill level 6 in Long Blades
  3111 | D:3      | Reached skill level 5 in Fighting
  3341 | D:4      | Found a white marble altar of Elyvilon.
  3420 | D:4      | Reached **** piety under Trog
  3429 | D:4      | Reached XP level 7. HP: 38/61 MP: 6/6
  3831 | D:4      | Found an ornate altar of the Wu Jian Council.
  4027 | D:5      | Entered Level 5 of the Dungeon
  4280 | D:5      | Reached skill level 7 in Long Blades
  4505 | D:5      | Noticed Dowan
  4506 | D:5      | Noticed Duvessa
  4519 | D:5      | Killed Duvessa
  4519 | D:5      | Reached skill level 5 in Armour
  4519 | D:5      | Reached XP level 8. HP: 70/70 MP: 7/7
  4536 | D:5      | Killed Dowan
  4780 | D:5      | Found a staircase to the Ecumenical Temple.
  5011 | D:6      | Reached skill level 5 in Dodging
  5033 | D:6      | Reached skill level 8 in Long Blades
  5664 | D:6      | Noticed Prince Ribbit
  5723 | D:6      | Found an iron altar of Okawaru.
  5724 | D:6      | Found a glowing silver altar of Zin.
  5779 | D:6      | Reached ***** piety under Trog
  6037 | D:6      | Found a bloodstained altar of Trog.
  6049 | D:6      | Killed Prince Ribbit
  6049 | D:6      | Reached skill level 9 in Long Blades
  6049 | D:6      | Reached XP level 9. HP: 33/78 MP: 8/8
  6066 | D:6      | Gained mutation: You are frail. (-10% HP) [mutagenic meat]
  6067 | D:6      | Gained mutation: Potions are less effective at restoring your health. [mutagenic meat]
  6396 | D:7      | Found Geakhleo's Antique Armour Emporium.
  6656 | D:7      | Found a sparkling altar of Nemelex Xobeh.
  6702 | D:7      | Found a shattered altar of Ashenzari.
  6786 | D:7      | Gained mutation: You have a beak for a mouth. [mutagenic meat]
  6788 | D:7      | Gained mutation: Scrolls take you a little longer to read. [mutagenic meat]
  6813 | D:7      | Found a shimmering altar of Xom.
  6825 | D:7      | Found a stormy altar of Qazlal.
  7065 | D:7      | Received a gift from Trog
  7547 | D:8      | Reached skill level 5 in Throwing
  7605 | D:8      | Reached skill level 10 in Long Blades
  7607 | D:8      | Noticed Grum
  7621 | D:8      | Killed Grum
  7981 | D:8      | Found Niara's Jewellery Emporium.
  8194 | D:8      | Noticed a two-headed ogre
  8227 | D:7      | Demolished by a two-headed ogre

Vault maps used:
D:1:      denvon_arrival_planthouse, serial_forest, infiniplex_forest_fountain,
          infiniplex_forest_straight_3, infiniplex_forest_lined_corner,
          infiniplex_forest_diagonal, infiniplex_forest_lined_room_2,
          infiniplex_forest_diagonal, infiniplex_forest_lined_corner,
          st_stairs_1, minmay_lizard_king
D:2:      kennysheep_big_flooded_room,
          chequers_temple_overflow_statue_of_worship, minmay_tetromino_t2
D:3:      serial_forest, infiniplex_forest_lined_room_2,
          infiniplex_forest_lined_3, infiniplex_forest_clump_long,
          infiniplex_forest_clump_curved, infiniplex_forest_diagonal,
          infiniplex_forest_lined_room_2, infiniplex_forest_clump_cross,
          first_bread
D:4:      elyvilon_altar_5, nicolae_overflow_crystal_walls
D:5:      minmay_temple_entry_purple_smoke, uniq_duvessa
D:6:      minmay_cornered_nines, kennysheep_mini, minitemple,
          uniq_prince_ribbit1
D:7:      overflow_temple_1_default, xom_teletrap_fun, evilmike_ruin_ashenzari,
          serial_shops, shop_coins, nicolae_qazlal_style_of_elements
D:8:      serial_shops, nicolae_shop_behind_doors, blue_anna_alchemist,
          uniq_grum

Skill      XL: |  1  2  3  4  5  6  7  8  9 |
---------------+----------------------------+-----
Long Blades    | 4 5 6 7 9 10 | 10.5
Fighting       | 4 5 6 7 |  7.9
Armour         | 3 4 5 6 7 |  7.3
Dodging        | 3 4 5 6 |  6.7
Throwing       | 1 2 3 4 5 |  5.4

Action                   |  1- 3 |  4- 6 |  7- 9 || total
-------------------------+-------+-------+-------++-------
Melee: Falchion          |    67 |     8 |       ||    75
       Headbutt          |    14 |    29 |    71 ||   114
       Dagger            |       |   153 |   339 ||   492
       Peck              |       |       |    16 ||    16
Throw: Javelin           |       |    14 |    54 ||    68
       Throwing net      |       |     1 |     1 ||     2
       Tomahawk          |       |       |     9 ||     9
Invok: Berserk           |       |     1 |     2 ||     3
       Brothers in Arms  |       |       |     1 ||     1
  Use: Scroll            |       |       |     8 ||     8
  Eat: Chunk             |     2 |     4 |    15 ||    21
       Bread ration      |       |     1 |     1 ||     2
Armor: Animal skin       |     7 |       |       ||     7
       Leather armour    |    12 |    25 |       ||    37
       Ring mail         |       |       |    27 ||    27
       Plate armour      |       |       |    93 ||    93
Dodge: Dodged            |    58 |    89 |   118 ||   265
       Rpst.: Falchion   |    18 |     2 |       ||    20

Table legend:
 A = Spawn XP
 B = Non-spawn XP
 C = Spawn XP percentage of total XP
 D = Spawn monster count
 E = Non-spawn monster count
 F = Spawn count percentage of total count
 G = Total turns spent on level
                    A         B        C        D         E        F      G
               +---------+---------+-------+---------+---------+-------+---------
         Total |       0 |    5317 |   0.0 |       0 |     178 |   0.0 |  8227
               +---------+---------+-------+---------+---------+-------+---------
           D:1 |       0 |      37 |   0.0 |       0 |      20 |   0.0 |   747
           D:2 |       0 |      96 |   0.0 |       0 |      24 |   0.0 |   893
           D:3 |       0 |     190 |   0.0 |       0 |      37 |   0.0 |  1619
           D:4 |       0 |     574 |   0.0 |       0 |      23 |   0.0 |   768
           D:5 |       0 |     739 |   0.0 |       0 |      21 |   0.0 |   956
           D:6 |       0 |    1429 |   0.0 |       0 |      22 |   0.0 |  1322
           D:7 |       0 |     791 |   0.0 |       0 |      12 |   0.0 |  1182
           D:8 |       0 |    1461 |   0.0 |       0 |      19 |   0.0 |   740
               +---------+---------+-------+---------+---------+-------+---------
